 Dungeon Crawl Stone Soup version 0.23.2-40-g277498a001 (webtiles) character file.

Game seed: 16294883304490864203

77 Exodus22XD the Magician (level 4, 24/24 HPs)
             Began as a Deep Elf Wizard on Sept 17, 2019.
             Quit the game on level 2 of the Dungeon.
             The game lasted 00:05:23 (2094 turns).

Exodus22XD the Magician (Deep Elf Wizard)           Turns: 2094, Time: 00:05:24

Health: 24/24      AC:  3    Str:  4    XL:     4   Next: 13%
Magic:  12/12      EV: 13    Int: 24    God:
Gold:   153        SH:  0    Dex: 13    Spells: 1/11 levels left

rFire    . . .     SeeInvis .   k - +0 dagger
rCold    . . .     Gourm    .   (no shield)
rNeg     . . .     Faith    .   a - +0 robe
rPois    .         Spirit   .   m - +0 helmet
rElec    .         Reflect  .   (no cloak)
rCorr    .         Harm     .   (no gloves)
MR       .....                  (no boots)
Stlth    ++........             j - amulet of inaccuracy (curse)
HPRegen  0.08/turn              (no ring)
MPRegen  0.13/turn              (no ring)

@: no status effects
A: no striking features
a: no special abilities


You were on level 2 of the Dungeon.
You were not hungry.

You visited 1 branch of the dungeon, and saw 2 of its levels.

You collected 153 gold pieces.

Inventory:

Hand Weapons
 k - a +0 dagger (weapon)
Armour
 a - a +0 robe (worn)
 m - a +0 helmet (worn)
Jewellery
 j - a cursed amulet of inaccuracy (around neck)
Scrolls
 c - a scroll of remove curse
 g - 2 scrolls of magic mapping
 n - a scroll of immolation
Potions
 b - a potion of brilliance {unknown}
 h - 2 potions of cancellation
 i - a potion of might {unknown}
 l - a potion of flight {unknown}
 o - 2 potions of degeneration {unknown}
Comestibles
 d - 6 rations


   Skills:
 - Level 2.4 Dodging
 - Level 2.4 Stealth
 - Level 4.4 Spellcasting
 * Level 4.4 Conjurations
 + Level 1.1 Summonings
 + Level 1.1 Translocations


You had one spell level left.
You knew the following spells:

 Your Spells              Type           Power        Failure   Level  Hunger
a - Magic Dart            Conj           ####         1%          1    None
b - Call Imp              Summ           ##......     9%          2    None
c - Blink                 Tloc           N/A          9%          2    None
d - Slow                  Hex            #.......     14%         2    None
e - Conjure Flame         Conj/Fire      ###.....     11%         3    ##.....

Your spell library contained the following spells:

 Spells                   Type           Power        Failure   Level  Hunger
 Mephitic Cloud           Conj/Pois/Air  ##......     16%         3    ##.....


Dungeon Overview and Level Annotations

Branches:
Dungeon (2/15)

Altars:
Trog


Message History

As you read the scroll labeled OSONEX LASHRU, it crumbles to dust.
It is a scroll of identify.
c - a scroll of remove curse
As you read the scroll of identify, it crumbles to dust.
g - 2 scrolls of magic mapping
As you read the scroll of identify, it crumbles to dust.
n - a scroll of immolation
As you read the scroll of identify, it crumbles to dust.
h - 2 potions of cancellation
Okay, then.
Things that are here:
a +0 club; a goblin corpse Done exploring.
Done exploring.
All of the chunks of flesh in your inventory have rotted away.
You see here a robe.
Things that are here:
a +0 hunting sling; 27 stones
There is a stone staircase leading down here.
Are you sure you want to abandon this character and quit the game? (Confirm with "yes".)

#............##.#
#............##.#
#............##.# ##########
#.............#)# .........#
#...)......(..#.# .........#
###...###.....#.# .........#
##..# #.....#.# .........# #..#
#.....#.#### [........######.@#
###........#
.............#########........#
....................#.........#
.............######.#.........#
#########....# #.#.........###
# #....# #.#.#.###.#.... #
#....# #.#.#.# #.#.### # #....#
####.#.#.# #.#.# ############.#
#....#.#.# #.#.###


There were no monsters in sight!

Vanquished Creatures
  An ooze (D:1)
  2 worms (D:2)
  3 dart slugs
  A leopard gecko (D:2)
  5 bats
  7 giant cockroaches
  9 goblins
  5 hobgoblins
  6 jackals
  A kobold (D:1)
  3 ball pythons
  6 frilled lizards
  6 rats
55 creatures vanquished.

Notes
Turn   | Place    | Note
-------+----------+-------------------------------------------
     0 | D:1      | Exodus22XD the Deep Elf Wizard began the quest for the Orb.
     0 | D:1      | Reached XP level 1. HP: 10/10 MP: 7/7
   128 | D:1      | Reached XP level 2. HP: 15/15 MP: 1/9
   555 | D:1      | Reached XP level 3. HP: 19/19 MP: 6/10
   937 | D:2      | Found a bloodstained altar of Trog.
  1473 | D:2      | Reached XP level 4. HP: 24/24 MP: 4/12
  1481 | D:2      | Learned a level 2 spell: Call Imp
  1484 | D:2      | Learned a level 2 spell: Blink
  1487 | D:2      | Learned a level 2 spell: Slow
  1605 | D:2      | Learned a level 3 spell: Conjure Flame
  2094 | D:2      | Quit the game

Skill      XL: |  1  2  3 |
---------------+----------+-----
Conjurations   | 2 3 4 |  4.4
Dodging        | |  2.4
Stealth        | |  2.4
Spellcasting   | |  4.4
Summonings     | |  1.1
Translocations | |  1.1

Action                   |  1- 3 |  4- 6 || total
-------------------------+-------+-------++-------
 Cast: Magic Dart        |   107 |    16 ||   123
  Use: Scroll            |       |     4 ||     4
  Eat: Chunk             |     2 |     1 ||     3
Armor: Robe              |     1 |       ||     1
Dodge: Dodged            |     6 |       ||     6
